Map: Forgotten Sanctuary

Players

Trader

  • Race: Protoss Protoss
  • Spawn Location: 9:00

gamer

  • Race: Zerg Zerg
  • Spawn Location: 12:00

Bleuketchup

  • Race: Protoss Protoss
  • Spawn Location: 9:00

samuel

  • Race: Terran Terran
  • Spawn Location: 12:00

robyapoints - Winner!

  • Race: Protoss Protoss
  • League: Bronze
  • Spawn Location: 3:00

Infamous - Winner!

  • Race: Protoss Protoss
  • League: Silver
  • Spawn Location: 6:00

HyDef - Winner!

  • Race: Protoss Protoss
  • Spawn Location: 6:00

elpascual - Winner!

  • Race: Protoss Protoss
  • Spawn Location: 3:00

VOD

Have the link to the VOD?

Description

Time

  • Played on: March 26, 2018, 3:19 p.m.
  • Length: 14:09
Show
View Real Time Build Order
Export as new Build Order

Trader Protoss 

Build Orders:  

Get SALT Encoding   

  12  0:03  Probe (Chrono Boost)  
  13  0:12  Probe (Chrono Boost)  
  14  0:17  Probe (Chrono Boost)  
  15  0:33  Pylon  
  15  0:54  Gateway  
  15  1:00  Forge  
  15  1:05  Pylon  
  15  1:52  Nexus  
  15  2:00  Assimilator  
  15  2:05  Assimilator  
  15  2:10  Photon Cannon  
  15  2:12  Photon Cannon  
  15  2:13  Pylon  
  15  2:35  Probe (Chrono Boost)  
  17  2:45  Probe (Chrono Boost)  
  17  2:50  Probe (Chrono Boost), Cybernetics Core  
  18  3:01  Probe (Chrono Boost)  
  19  3:09  Probe (Chrono Boost)  
  20  3:16  Probe (Chrono Boost)  
  20  3:17  Pylon  
  21  3:22  Probe (Chrono Boost)  
  22  3:33  Probe x2 (Chrono Boost)  
  24  3:38  Probe (Chrono Boost)  
  25  3:48  Probe  
  25  3:52  Photon Cannon  
  25  3:55  Photon Cannon  
  26  3:58  Stargate  
  26  4:04  Pylon  
  26  4:19  Stargate  
  26  4:23  Pylon  
  26  4:27  Probe  
  27  4:40  Probe  
  27  4:44  Void Ray (Chrono Boost)  
  32  4:52  Probe  
  33  5:04  Probe  
  26  5:12  Void Ray (Chrono Boost)  
  10  6:02  Void Ray  
  14  6:13  Probe  
  15  6:25  Probe  
  16  6:39  Probe (Chrono Boost)  
  17  6:50  Probe (Chrono Boost)  
  18  6:58  Probe (Chrono Boost)  
  19  7:05  Probe (Chrono Boost)  
  19  7:08  Probe (Chrono Boost)  
  21  7:13  Pylon  
  22  7:17  Probe x2 (Chrono Boost)  
  23  7:23  Probe (Chrono Boost)  
  25  7:35  Probe  
  25  7:55  Probe (Chrono Boost)  
  26  8:03  Protoss Air Weapons Level 1  
  27  8:05  Probe (Chrono Boost)  
  27  8:10  Probe (Chrono Boost)  
  28  8:21  Probe  
  28  8:23  Nexus  
  29  8:33  Probe (Chrono Boost)  
  30  8:43  Probe (Chrono Boost)  
  30  8:48  Probe (Chrono Boost)  
  32  9:00  Probe  
  11  10:47  Void Ray x2  
  11  11:50  Stalker  
Show
View Real Time Build Order
Export as new Build Order

gamer Zerg 

Build Orders: Pool First 

Get SALT Encoding   

  12  0:05  Drone  
  13  0:08  Drone  
  14  0:29  Spawning Pool  
  14  0:30  Drone  
  14  0:39  Overlord  
  14  0:50  Extractor  
  14  0:53  Extractor  
  14  0:55  Drone  
  14  0:56  Drone  
  14  1:01  Drone  
  15  1:22  Queen  
  17  1:26  Zergling x4  
  19  1:46  Hatchery  
  18  1:57  Zergling x6  
  21  2:46  Baneling Nest  
  20  2:58  Spore Crawler  
  19  3:00  Queen  
  19  3:03  Drone  
  22  3:11  Lair  
  22  3:19  Spore Crawler  
  21  3:27  Spore Crawler  
  21  3:28  Drone x2  
  22  3:49  Drone x2  
  22  3:54  Overlord  
  22  3:55  Overlord  
  24  4:07  Drone x2  
  26  4:21  Centrifical Hooks  
  26  4:26  Drone  
  27  4:37  Spore Crawler  
  26  4:40  Zergling x2  
  27  4:46  Zergling x4  
  29  5:05  Baneling  
  29  5:06  Baneling x7  
  29  5:07  Baneling  
  29  5:15  Metabolic Boost  
  29  5:19  Zergling x2  
  24  5:58  Baneling x2  
  24  5:59  Baneling x2  
  24  6:05  Zergling x14  
  24  6:06  Zergling x2  
  30  6:25  Drone  
  30  6:26  Drone x3  
  30  6:32  Zergling x4  
  36  6:40  Baneling  
  36  6:41  Baneling x4  
  36  6:42  Baneling  
  25  7:34  Spore Crawler  
  24  7:39  Spore Crawler  
  23  7:44  Spore Crawler  
  22  7:53  Zergling x6, Hydralisk Den  
  22  7:54  Zergling x4  
  26  8:04  Hatchery  
  25  8:10  Drone x2  
  27  8:18  Baneling x2  
  27  8:19  Baneling x5  
  27  8:20  Baneling x3  
  27  8:35  Drone  
  21  8:51  Hydralisk x2  
  18  9:07  Hydralisk  
  20  9:18  Spawning Pool  
  20  9:21  Drone  
  14  10:00  Drone  
  14  10:01  Drone x5  
  20  10:11  Spore Crawler  
  16  10:19  Queen  
  16  10:22  Drone x3  
  11  10:45  Spawning Pool  
  10  11:09  Drone  
  10  11:10  Drone  
  12  11:37  Overlord  
  3  13:39  Hatchery  
Show
View Real Time Build Order
Export as new Build Order

Bleuketchup Protoss 

Build Orders: Nexus First 

Get SALT Encoding   

  12  0:37  Nexus  
  12  0:47  Pylon  
  12  0:50  Probe (Chrono Boost)  
  13  1:02  Probe (Chrono Boost)  
  14  1:10  Forge  
  14  1:16  Probe (Chrono Boost)  
  15  1:28  Probe  
  16  1:34  Pylon  
  16  1:49  Probe (Chrono Boost)  
  17  1:58  Gateway  
  17  1:59  Probe (Chrono Boost)  
  18  2:02  Photon Cannon  
  18  2:11  Photon Cannon  
  18  2:15  Assimilator  
  18  2:16  Probe (Chrono Boost)  
  20  2:25  Probe (Chrono Boost)  
  20  2:31  Probe (Chrono Boost), Assimilator  
  21  2:43  Probe (Chrono Boost)  
  22  2:50  Photon Cannon  
  22  2:55  Probe (Chrono Boost)  
  24  3:01  Probe (Chrono Boost)  
  24  3:05  Probe (Chrono Boost)  
  25  3:09  Probe (Chrono Boost)  
  27  3:14  Probe (Chrono Boost)  
  27  3:22  Probe  
  27  3:25  Cybernetics Core  
  28  3:28  Probe  
  28  3:32  Pylon  
  28  3:34  Probe  
  30  3:41  Probe  
  31  3:45  Photon Cannon  
  31  3:46  Probe  
  32  3:49  Photon Cannon  
  32  3:57  Nexus  
  32  4:04  Pylon  
  32  4:10  Photon Cannon  
  32  4:12  Shield Battery  
  32  4:20  Pylon  
  32  4:22  Shield Battery  
  32  4:28  Stalker  
  34  4:33  Photon Cannon  
  34  4:42  Photon Cannon  
  34  4:44  Photon Cannon  
  34  4:46  Probe (Chrono Boost)  
  35  4:56  Probe (Chrono Boost)  
  35  4:58  Photon Cannon  
  36  5:01  Stalker (Chrono Boost)  
  36  5:02  Shield Battery  
  36  5:05  Warp Gate  
  36  5:15  Stargate  
  36  5:19  Stargate  
  36  5:23  Pylon  
  34  5:30  Stalker  
  36  5:38  Probe (Chrono Boost)  
  36  5:42  Assimilator  
  37  5:47  Assimilator  
  37  5:48  Probe x2  
  39  5:55  Pylon  
  39  6:00  Stalker  
  39  6:01  Probe (Chrono Boost)  
  39  6:04  Probe (Chrono Boost)  
  43  6:06  Void Ray  
  48  6:12  Probe (Chrono Boost)  
  48  6:13  Probe (Chrono Boost)  
  48  6:16  Gateway  
  49  6:20  Probe (Chrono Boost)  
  49  6:22  Pylon  
  50  6:26  Probe, Pylon  
  50  6:32  Probe (Chrono Boost)  
  52  6:33  Void Ray  
  52  6:38  Probe (Chrono Boost)  
  58  6:48  Probe x2 (Chrono Boost)  
  58  6:51  Void Ray  
  58  6:53  Probe (Chrono Boost)  
  63  6:59  Pylon  
  64  7:03  Probe (Chrono Boost)  
  66  7:10  Probe (Chrono Boost)  
  66  7:13  Probe (Chrono Boost)  
  67  7:16  Void Ray  
  67  7:17  Pylon, Probe (Chrono Boost)  
  72  7:28  Probe (Chrono Boost)  
  73  7:30  Stalker  
  73  7:31  Stalker  
  73  7:33  Probe (Chrono Boost)  
  78  7:40  Protoss Air Weapons Level 1  
  78  7:54  Photon Cannon  
  78  7:56  Photon Cannon  
  78  7:59  Photon Cannon  
  78  8:03  Photon Cannon  
  78  8:06  Shield Battery  
  78  8:13  Void Ray  
  78  8:14  Void Ray  
  78  8:16  Stalker  
  78  8:17  Stalker  
  90  8:28  Robotics Facility  
  90  8:32  Photon Cannon  
  90  8:36  Protoss Ground Weapons Level 1  
  90  8:38  Photon Cannon  
  90  8:49  Pylon  
  90  8:51  Probe (Chrono Boost)  
  91  8:56  Nexus  
  91  9:01  Probe (Chrono Boost)  
  92  9:03  Void Ray x2  
  92  9:05  Stalker  
  92  9:06  Probe (Chrono Boost)  
  103  9:15  Pylon  
  103  9:18  Photon Cannon  
  103  9:19  Photon Cannon  
  103  9:22  Assimilator  
  103  9:25  Assimilator  
  95  9:35  Protoss Air Armor Level 1  
  83  9:41  Stalker  
  83  9:42  Stalker  
  83  9:46  Void Ray x2  
  91  9:59  Shield Battery  
  91  10:02  Pylon  
  91  10:04  Pylon  
  91  10:17  Photon Cannon  
  91  10:19  Photon Cannon  
  91  10:20  Photon Cannon  
  91  10:23  Shield Battery  
  91  10:24  Pylon  
  91  10:25  Photon Cannon  
  91  10:29  Void Ray x2  
  91  10:31  Protoss Ground Armor Level 1  
  91  10:32  Photon Cannon  
  99  10:45  Stalker x2  
  103  10:54  Photon Cannon  
  103  10:55  Photon Cannon  
  89  11:08  Pylon  
  89  11:12  Void Ray x2  
  97  11:21  Pylon  
  97  11:22  Stalker  
  97  11:24  Stalker  
  101  11:53  Immortal  
  103  11:54  Void Ray x2  
  103  11:55  Stalker  
  103  11:56  Stalker  
  103  12:01  Gateway  
  105  12:05  Gateway  
  105  12:07  Gateway  
  101  12:09  Gateway  
  65  12:32  Stalker  
  67  12:37  Void Ray  
  67  12:40  Void Ray  
  74  12:45  Stalker  
  61  13:10  Stalker  
  61  13:11  Stalker  
  56  13:20  Photon Cannon, Void Ray  
  56  13:22  Photon Cannon  
  56  13:24  Photon Cannon  
  56  13:26  Photon Cannon  
  50  13:40  Photon Cannon  
  26  13:51  Photon Cannon  
  26  13:53  Photon Cannon  
Show
View Real Time Build Order
Export as new Build Order

samuel Terran 

Build Orders:  

Get SALT Encoding   

  12  0:14  Supply Depot  
  12  0:17  SCV  
  13  0:29  SCV  
  13  0:33  Refinery  
  14  0:41  SCV, Refinery  
  15  0:53  SCV  
  16  1:05  Barracks, SCV  
  17  1:18  SCV  
  18  1:30  SCV  
  19  1:33  Barracks  
  19  1:42  SCV  
  20  1:56  Supply Depot  
  20  1:59  Barracks Reactor  
  20  2:21  Barracks Tech Lab  
  20  2:25  Factory  
  20  2:28  Factory  
  20  2:38  Marine x2  
  22  2:56  Marine x2  
  24  3:00  Stimpack  
  24  3:14  Marine x2  
  24  3:16  Engineering Bay  
  26  3:23  SCV  
  27  3:31  Marine  
  27  3:32  Marine  
  29  3:35  SCV  
  30  3:47  SCV  
  31  4:05  Supply Depot  
  31  4:08  Factory Tech Lab x2  
  31  4:26  Marine x2  
  31  4:29  Supply Depot  
  33  4:44  Marine x2  
  35  4:53  Siege Tank  
  35  4:54  Siege Tank  
  41  5:00  Terran Infantry Weapons Level 1  
  41  5:02  Marine x2  
  43  5:20  Marine x2  
  45  5:52  Missile Turret  
  43  6:50  Starport x2  
  43  6:59  Orbital Command  
  29  7:42  Starport Reactor  
  29  7:43  Starport Reactor  
  29  7:57  Starport x2  
  29  8:22  Viking x4  
  37  8:35  Armory  
  37  8:37  Fusion Core  
  37  8:38  Starport Tech Lab  
  37  8:52  Viking x4  
  29  9:35  Marine  
  29  9:37  Marine  
Show
View Real Time Build Order
Export as new Build Order

robyapoints Protoss - Winner!

Build Orders:  

Get SALT Encoding   

  12  0:55  Probe (Chrono Boost)  
  14  1:05  Probe (Chrono Boost)  
  14  1:09  Probe (Chrono Boost)  
  14  1:10  Nexus  
  15  1:30  Pylon  
  15  1:35  Assimilator  
  15  1:36  Pylon  
  15  1:39  Assimilator  
  15  1:48  Probe  
  16  2:00  Probe (Chrono Boost)  
  17  2:12  Probe (Chrono Boost)  
  18  2:20  Probe (Chrono Boost)  
  19  2:24  Forge  
  19  2:25  Gateway  
  19  2:27  Gateway  
  20  2:30  Probe (Chrono Boost)  
  20  2:32  Probe (Chrono Boost)  
  21  2:42  Probe (Chrono Boost)  
  21  2:43  Probe (Chrono Boost)  
  23  2:51  Probe  
  24  3:03  Probe  
  25  3:07  Probe  
  26  3:19  Probe  
  27  3:31  Probe  
  28  3:43  Probe  
  29  3:55  Probe  
  30  5:04  Probe (Chrono Boost)  
  31  5:07  Zealot x2  
  36  5:14  Probe (Chrono Boost)  
  36  5:15  Gateway  
  36  5:18  Gateway  
  36  5:19  Probe (Chrono Boost)  
  36  5:20  Pylon  
  38  5:24  Probe (Chrono Boost)  
  38  5:25  Pylon  
  38  5:28  Pylon  
  39  5:29  Probe (Chrono Boost)  
  39  5:32  Probe (Chrono Boost)  
  39  5:34  Probe (Chrono Boost)  
  40  5:37  Zealot x2  
  45  5:45  Probe (Chrono Boost)  
  45  5:48  Probe (Chrono Boost)  
  47  5:51  Photon Cannon  
  47  5:54  Photon Cannon  
  47  5:55  Probe (Chrono Boost)  
  49  5:57  Probe (Chrono Boost)  
  51  6:04  Probe (Chrono Boost)  
  51  6:05  Pylon, Probe (Chrono Boost), Zealot  
  55  6:12  Probe (Chrono Boost)  
  55  6:15  Probe (Chrono Boost)  
  55  6:18  Probe (Chrono Boost)  
  55  6:21  Probe (Chrono Boost)  
  57  6:26  Probe  
  57  6:29  Cybernetics Core  
  57  6:30  Zealot x3  
  57  6:32  Zealot  
  66  6:34  Cybernetics Core  
  66  6:38  Probe  
  66  6:39  Photon Cannon  
  67  6:41  Photon Cannon  
  67  6:43  Photon Cannon  
  67  6:46  Pylon  
  67  6:48  Pylon  
  67  7:05  Zealot x3  
  67  7:06  Zealot  
  73  7:18  Stargate  
  73  7:20  Stargate  
  69  7:23  Stargate  
  69  7:26  Stargate  
  69  7:28  Pylon  
  67  7:30  Pylon  
  67  7:39  Photon Cannon x2  
  67  7:41  Photon Cannon  
  67  7:43  Protoss Shields Level 1, Photon Cannon  
  67  7:45  Protoss Air Weapons Level 1, Protoss Air Armor Level 1  
  67  7:54  Stalker  
  67  7:55  Stalker x3  
  75  8:09  Photon Cannon  
  75  8:10  Photon Cannon  
  75  8:15  Assimilator  
  75  8:20  Assimilator  
  75  8:38  Nexus  
  75  8:41  Void Ray x3  
  75  8:42  Void Ray  
  91  9:10  Stargate x2  
  91  9:16  Photon Cannon  
  91  9:50  Pylon  
  91  9:51  Probe (Chrono Boost)  
  92  9:56  Void Ray x2  
  100  10:01  Probe (Chrono Boost)  
  100  10:06  Probe (Chrono Boost)  
  101  10:12  Void Ray  
  106  10:18  Probe (Chrono Boost)  
  107  10:28  Probe (Chrono Boost)  
  108  10:33  Void Ray  
  113  10:36  Probe (Chrono Boost)  
  113  10:38  Probe (Chrono Boost)  
  114  10:43  Probe (Chrono Boost), Void Ray  
  119  10:54  Probe  
  120  11:08  Probe (Chrono Boost)  
  122  11:11  Probe (Chrono Boost)  
  122  11:16  Assimilator  
  122  11:18  Probe (Chrono Boost), Photon Cannon  
  123  11:20  Assimilator  
  123  11:23  Probe (Chrono Boost), Photon Cannon  
  124  11:34  Probe  
  124  11:35  Void Ray x2  
  133  11:43  Void Ray  
  133  11:46  Probe  
  120  11:57  Void Ray x2  
  95  13:06  Void Ray x5  
  111  13:26  Probe (Chrono Boost)  
  112  13:36  Probe (Chrono Boost)  
  112  13:41  Probe (Chrono Boost)  
  114  13:53  Probe (Chrono Boost)  
Show
View Real Time Build Order
Export as new Build Order

Infamous Protoss - Winner!

Build Orders:  

Get SALT Encoding   

  12  0:11  Probe  
  13  0:16  Pylon  
  13  0:27  Probe (Chrono Boost)  
  14  0:36  Gateway  
  14  0:39  Probe (Chrono Boost)  
  15  0:47  Probe (Chrono Boost)  
  16  0:55  Probe  
  17  0:57  Assimilator  
  17  1:08  Probe  
  18  1:21  Probe (Chrono Boost)  
  18  1:25  Cybernetics Core  
  19  1:33  Probe (Chrono Boost), Assimilator  
  19  1:36  Pylon  
  19  1:39  Zealot  
  22  1:47  Pylon  
  22  1:58  Warp Gate (Chrono Boost)  
  22  2:06  Probe  
  23  2:16  Gateway  
  23  2:17  Gateway  
  23  2:27  Forge  
  23  2:29  Probe  
  24  2:33  Sentry  
  26  2:45  Probe  
  27  2:54  Pylon  
  27  3:04  Probe  
  28  3:12  Protoss Ground Weapons Level 1 (Chrono Boost)  
  28  3:20  Gateway  
  28  3:29  Pylon  
  28  3:33  Probe  
  29  3:35  Pylon  
  29  3:49  Probe  
  29  3:51  Pylon  
  30  3:57  Stalker x3  
  36  4:21  Zealot x3  
  36  4:24  Zealot  
  44  4:31  Probe  
  45  4:43  Probe  
  44  4:55  Zealot  
  44  4:56  Zealot x3  
  44  5:12  Probe  
  45  5:17  Zealot x3  
  51  5:24  Probe  
  30  5:50  Stalker  
  30  5:51  Stalker x3  
  30  5:53  Protoss Ground Armor Level 1 (Chrono Boost)  
  38  6:17  Twilight Council  
  34  6:19  Photon Cannon  
  34  6:25  Shield Battery  
  30  6:46  Stalker  
  32  6:48  Adept x3  
  32  6:51  Charge (Chrono Boost)  
  38  7:10  Templar Archives  
  38  7:15  Nexus  
  38  7:20  Pylon  
  38  7:32  Stalker x2  
  42  7:40  Protoss Ground Weapons Level 2 (Chrono Boost)  
  42  7:58  Probe  
  43  8:02  High Templar  
  43  8:03  High Templar x2  
  49  8:07  Adept  
  49  8:12  Archon  
  51  8:15  Probe  
  52  8:23  Resonating Glaives  
  52  8:28  Probe (Chrono Boost)  
  52  8:33  Probe (Chrono Boost)  
  54  8:41  Assimilator  
  54  8:44  Probe (Chrono Boost)  
  54  8:45  Probe (Chrono Boost), Assimilator  
  56  8:48  High Templar  
  56  8:52  Stalker  
  60  9:05  Probe (Chrono Boost)  
  62  9:13  High Templar  
  62  9:14  Probe (Chrono Boost)  
  62  9:15  Zealot  
  62  9:16  Probe (Chrono Boost)  
  67  9:27  Pylon  
  67  9:32  Pylon, High Templar  
  67  9:34  Stalker  
  67  9:35  Gateway  
  71  9:57  High Templar  
  71  9:58  High Templar  
  75  10:10  Stalker  
  75  10:11  Stalker  
  79  10:21  Gateway  
  79  10:25  Gateway  
  79  10:26  Forge  
  79  10:31  Protoss Ground Armor Level 2 (Chrono Boost)  
  79  10:32  Archon x2  
  79  10:37  Stalker x2  
  79  10:38  Stalker  
  85  10:49  Probe x2  
  87  11:10  Stalker x3  
  93  11:22  Protoss Ground Weapons Level 3 (Chrono Boost)  
  93  11:26  Probe  
  94  11:35  Pylon  
  94  11:38  Pylon  
  94  11:44  Pylon  
  94  11:49  Probe  
  51  12:01  Psionic Storm  
  51  12:06  Stalker x3  
  51  12:07  Stalker x3  
  55  12:17  Probe  
  55  12:18  Probe  
  57  12:32  High Templar  
  57  12:33  High Templar x2  
  63  12:49  Sentry x2  
  67  12:59  Sentry  
  67  13:01  Zealot  
  71  13:11  Sentry  
  71  13:12  Zealot  
  75  13:13  Zealot x2  
  79  13:34  High Templar x2  
  83  13:55  Nexus  
  83  13:57  Pylon  
  83  13:59  Pylon  
  83  14:01  Pylon  
Show
View Real Time Build Order
Export as new Build Order

HyDef Protoss - Winner!

Build Orders: Oracle Opening 

Get SALT Encoding   

  12  0:01  Probe  
  13  0:13  Probe  
  14  0:23  Pylon  
  14  0:26  Probe  
  15  0:41  Probe (Chrono Boost)  
  17  0:51  Probe (Chrono Boost), Gateway  
  17  0:56  Probe (Chrono Boost)  
  17  1:00  Gateway  
  18  1:08  Probe  
  19  1:11  Pylon  
  19  1:21  Assimilator  
  19  1:27  Assimilator  
  19  1:30  Pylon  
  19  1:32  Probe  
  20  1:40  Zealot  
  20  1:44  Probe (Chrono Boost)  
  24  1:56  Probe (Chrono Boost)  
  24  1:57  Zealot  
  24  2:01  Probe (Chrono Boost)  
  27  2:18  Cybernetics Core  
  27  2:23  Probe  
  28  2:41  Nexus  
  28  2:49  Probe  
  29  2:51  Pylon  
  29  2:56  Stargate  
  29  3:06  Probe  
  29  3:07  Assimilator  
  29  3:12  Assimilator  
  30  3:26  Probe  
  31  3:31  Stargate  
  31  3:39  Probe, Pylon  
  32  3:41  Oracle (Chrono Boost)  
  35  4:10  Probe x2  
  35  4:15  Oracle (Chrono Boost)  
  35  4:16  Oracle (Chrono Boost)  
  40  4:22  Probe  
  44  4:31  Probe  
  44  4:34  Probe  
  44  4:35  Stargate  
  46  5:27  Probe x2  
  48  5:29  Void Ray x3  
  48  5:34  Pylon, Protoss Air Weapons Level 1 (Chrono Boost)  
  60  5:35  Pylon  
  60  5:39  Probe  
  61  5:57  Probe x2  
  61  6:03  Stargate x2  
  63  6:14  Pylon x2  
  63  6:19  Void Ray  
  67  6:49  Void Ray x3  
  79  7:04  Void Ray  
  71  7:38  Void Ray x2  
  75  7:46  Void Ray  
  79  8:13  Probe x2  
  79  8:15  Void Ray  
  85  8:20  Void Ray  
  89  8:28  Nexus  
  89  8:31  Assimilator  
  89  8:34  Void Ray  
  89  8:36  Assimilator  
  89  8:40  Pylon  
  93  8:47  Void Ray  
  97  8:53  Pylon  
  97  8:55  Pylon  
  73  9:52  Void Ray  
  73  9:53  Void Ray x3  
  73  9:54  Void Ray  
  93  10:04  Probe  
  94  10:16  Probe  
  95  10:28  Probe  
  93  11:10  Void Ray x3  
  93  11:11  Void Ray x2  
  103  11:17  Probe x2 (Chrono Boost)  
  109  11:18  Probe (Chrono Boost)  
  110  11:29  Probe (Chrono Boost)  
  110  11:30  Probe (Chrono Boost)  
  112  11:33  Probe (Chrono Boost)  
  112  11:37  Probe  
  114  11:50  Stargate  
  114  11:51  Stargate  
  114  11:54  Stargate  
  114  11:57  Void Ray  
  114  11:58  Void Ray  
  122  12:08  Protoss Air Armor Level 1 (Chrono Boost)  
  122  12:35  Fleet Beacon  
  122  12:40  Cybernetics Core  
  122  12:43  Void Ray  
  122  12:44  Void Ray  
  130  12:57  Void Ray  
  138  14:03  Pylon  
  138  14:04  Pylon  
  138  14:07  Pylon  
Show
View Real Time Build Order
Export as new Build Order

elpascual Protoss - Winner!

Build Orders:  

Get SALT Encoding   

  12  0:21  Probe (Chrono Boost), Pylon  
  13  0:30  Probe (Chrono Boost)  
  14  0:35  Probe (Chrono Boost)  
  14  0:38  Assimilator  
  15  0:47  Probe  
  15  0:48  Gateway  
  16  0:59  Probe  
  17  1:21  Probe (Chrono Boost)  
  18  1:31  Probe (Chrono Boost)  
  19  1:36  Probe (Chrono Boost)  
  19  1:39  Cybernetics Core  
  20  1:47  Probe, Assimilator  
  21  2:00  Probe  
  22  2:12  Probe  
  23  2:26  Stargate  
  23  2:34  Pylon  
  23  2:44  Nexus  
  23  2:50  Probe (Chrono Boost)  
  23  2:51  Pylon  
  23  2:54  Assimilator  
  24  3:01  Probe  
  25  3:10  Void Ray  
  29  3:14  Probe (Chrono Boost)  
  30  3:21  Assimilator  
  30  3:25  Probe (Chrono Boost)  
  31  3:30  Probe (Chrono Boost)  
  31  3:33  Stargate  
  32  3:40  Probe  
  33  3:47  Pylon  
  33  3:52  Probe  
  34  4:03  Probe (Chrono Boost)  
  36  4:10  Probe (Chrono Boost)  
  36  4:13  Probe (Chrono Boost)  
  37  4:18  Probe (Chrono Boost)  
  37  4:19  Void Ray  
  37  4:22  Void Ray  
  37  4:23  Protoss Air Weapons Level 1 (Chrono Boost)  
  46  4:30  Probe  
  47  4:42  Probe  
  48  4:54  Probe  
  49  5:05  Fleet Beacon  
  49  5:06  Probe  
  50  5:07  Void Ray  
  50  5:08  Pylon  
  50  5:12  Void Ray  
  58  5:18  Probe (Chrono Boost)  
  59  5:30  Probe (Chrono Boost)  
  59  5:33  Pylon  
  60  5:36  Pylon  
  60  5:38  Probe (Chrono Boost)  
  61  5:45  Probe  
  61  5:49  Stargate  
  62  5:55  Void Ray  
  67  5:57  Probe (Chrono Boost)  
  67  5:58  Void Ray  
  71  6:09  Probe (Chrono Boost)  
  72  6:17  Probe (Chrono Boost)  
  73  6:21  Robotics Facility  
  73  6:29  Pylon  
  73  6:42  Void Ray x2  
  73  6:44  Cybernetics Core  
  81  6:50  Pylon  
  81  6:54  Forge  
  81  7:04  Void Ray  
  81  7:06  Stargate  
  85  7:43  Void Ray  
  85  7:44  Tempest  
  89  7:48  Nexus  
  95  7:51  Pylon  
  95  7:54  Assimilator  
  95  7:58  Assimilator  
  95  7:59  Protoss Air Weapons Level 2  
  95  8:02  Protoss Air Armor Level 1  
  95  8:19  Probe (Chrono Boost)  
  96  8:22  Pylon  
  96  8:24  Void Ray  
  100  8:29  Probe (Chrono Boost)  
  101  8:34  Probe (Chrono Boost)  
  102  9:22  Void Ray x3  
  102  9:23  Void Ray  
  114  10:05  Void Ray x3  
  126  10:46  Void Ray  
  126  10:48  Protoss Air Weapons Level 3  
  130  10:56  Probe  
  131  11:08  Probe  
  131  11:11  Robotics Facility  
  132  11:13  Pylon  
  132  11:20  Probe  
  133  11:29  Robotics Bay  
  133  11:31  Void Ray x2  
  141  12:32  Pylon  
  141  12:34  Pylon  
  141  12:39  Pylon  
  141  12:47  Pylon  
  141  12:50  Probe, Void Ray  
  146  13:02  Probe  
  147  13:14  Probe  
  148  13:26  Probe  
  145  13:38  Probe  
Tags
 
Add a new tag
Caveats
  • Supply blocks, unpowered buildings, or Contaminate may cause inaccurate times.
  • Supply counts are checked every 10 seconds.